 Dungeon Crawl Stone Soup version 0.28-a0-1506-g3893175d92 (webtiles) character file.

Game seed: 5807831348037902237

443 HallandMoats the Skirmisher (level 7, -3/61 HPs)
             Began as a Ghoul Fighter on Jan 14, 2022.
             Was an Initiate of Okawaru.
             Slain by a phantom (5 damage)
             ... on level 4 of the Dungeon.
             The game lasted 00:04:30 (3609 turns).

HallandMoats the Skirmisher (Ghoul Fighter)         Turns: 3609, Time: 00:04:30

Health: -3/61      AC: 12    Str: 20    XL:     7   Next: 2%
Magic:  6/6        EV:  9    Int:  5    God:    Okawaru [......]
Gold:   236        SH:  4    Dex:  8    Spells: 6/6 levels left

rFire   . . .      SeeInvis +   j - +2 dagger (venom)
rCold   + . .      Faith    .   c - +0 buckler
rNeg    + + +      Spirit   .   b - +0 scale mail
rPois   ∞          Reflect  .   p - +2 helmet "Sabak" {Will+ SInv}
rElec   .          Harm     .   h - +0 cloak
rCorr   .          Rampage  .   k - +0 pair of gloves
Will    +....                   (no boots)
Stlth   ..........              (no amulet)
HPRegen 0.00/turn               (no ring)
MPRegen 0.10/turn               (no ring)

@: inhibited regen
A: claws 1, cold resistance 1, negative energy resistance 3, inhibited
regeneration, torment resistance 2
a: Renounce Religion


You were on level 4 of the Dungeon.
You worshipped Okawaru.
Okawaru was noncommittal.
You visited 2 branches of the dungeon, and saw 6 of its levels.

You collected 236 gold pieces.

Inventory:

Hand Weapons
 a - a +0 long sword
 j - a +2 dagger of venom (weapon)
Armour
 b - a +0 scale mail (worn)
 c - a +0 buckler (worn)
 h - a +0 cloak (worn)
 k - a +0 pair of gloves (worn)
 p - the +2 helmet "Sabak" (worn) {Will+ SInv}
   (You found it on level 4 of the Dungeon)

   SInv:      It lets you see invisible.
   Will:      It increases your willpower.
Jewellery
 s - a ring of protection from fire
Wands
 l - a wand of polymorph (7)
 o - a wand of mindburst (19)
Scrolls
 f - 3 scrolls of identify {unknown}
 i - a scroll of magic mapping {unknown}
 m - a scroll of blinking {unknown}
 n - a scroll of holy word {unknown}
 r - a scroll of fear {unknown}
Potions
 d - a potion of might
 e - 3 potions of curing {unknown}
 g - 2 potions of degeneration {unknown}
 q - 2 potions of mutation {unknown}
 t - a potion of lignification {unknown}
 u - a potion of cancellation {unknown}


   Skills:
 * Level 5.3 Fighting
 * Level 3.7 Long Blades
 + Level 3.6 Armour
 + Level 2.0 Dodging
 + Level 3.5 Shields


You had 6 spell levels left.
You didn't know any spells.
Your spell library contained the following spells:

 Spells                   Type           Power      Damage    Failure   Level
 Summon Small Mammal      Summ           Unusable   N/A       N/A         1
 Call Canine Familiar     Summ           Unusable   N/A       N/A         3
 Summon Guardian Golem    Hex/Summ       Unusable   N/A       N/A         3

Dungeon Overview and Level Annotations

Branches:
Dungeon (5/15)             Temple (1/1) D:5

Altars:
Ashenzari
Elyvilon
Fedhas
Hepliaklqana
Kikubaaqudgha
Nemelex Xobeh
Okawaru
Qazlal
Ru
Sif Muna
Wu Jian
Yredelemnul
The Shining One

Shops:
D:5 (


Innate Abilities, Weirdness & Mutations

You thrive by killing the living.
You are immune to poison.
You have sharp fingernails.
Your flesh is cold resistant. (rC+)
You are immune to negative energy. (rN+++)
You do not regenerate when monsters are visible.
You are immune to unholy pain and torment.


Message History

The gnoll sergeant freezes you.
You hit the phantom.
The phantom is lightly damaged.
The phantom hits you but does no damage.
The gnoll sergeant hits you from afar with a +4 trident of freezing.
The gnoll sergeant freezes you.
You hit the phantom but do no damage.
The phantom is lightly damaged.
The phantom hits you but does no damage.
You block the gnoll sergeant's attack.
You puncture the phantom!
The phantom is moderately damaged.
The phantom hits you.
The phantom blinks!
You blink.
The phantom hits you. The phantom hits you!
* * * LOW HITPOINT WARNING * * *
The phantom blinks!
You blink.
The gnoll throws a throwing net.
The throwing net hits you.
You become entangled in the net!
You see here a throwing net.
You tear a large gash into the net.
The gnoll sergeant hits you from afar with a +4 trident of freezing!
* * * LOW HITPOINT WARNING * * *
The gnoll sergeant freezes you.
* * * LOW HITPOINT WARNING * * *
The phantom hits you but does no damage.
You shred the net and break free!
The gnoll sergeant hits you but does no damage.
The phantom hits you but does no damage.
You hear the brisk hiss of a distant avalanche of sand.
The gnoll sergeant hits the bush with a +4 trident of freezing!
The gnoll sergeant freezes the bush.
There is a stone staircase leading up here.
You see here a +2 helmet.
The phantom hits you.
* * * LOW HITPOINT WARNING * * *
You climb upwards.
There is a stone staircase leading down here.
The phantom hits you.
You die...

#........................##....#.
#...........#...#........#....###
...........##...##.............##
................#..##....#.......
................##....#..###.##..
......##.........#....##..#......
...#..##.........................
...##....................####....
...##<.......#.^@........# #....
............###..W.......# #P.P#
..............##.........# ##...
....#.....#..###.........# ##.#
..######......#....#.....# ##.
...# #.....#..#####[...# #.# .###
#.......(# ##....# ##.# ##
##........####.....# #)##
#...........#.>....# ##'##


You could see a phantom.

Vanquished Creatures
  2 scorpions
  2 jellies (D:4)
  2 centaur skeletons
  Crazy Yiuf (D:4)
  Ijyb (D:5)
  4 adders
  A gnoll (D:5)
  An adder skeleton (D:4)
  A worm (D:5)
  2 dart slugs
  6 orcs
  6 bats
  6 endoplasms
  4 giant cockroaches
  12 goblins
  6 hobgoblins
  7 jackals (D:1)
  5 quokkas
  8 ball pythons
  4 frilled lizards
  A kobold (D:1)
  4 rats
  A bush (D:4)
87 creatures vanquished.

Vanquished Creatures (others)
  2 fungi (D:4)
2 creatures vanquished.

Grand Total: 89 creatures vanquished

Notes
Turn   | Place    | Note
-------+----------+-------------------------------------------
     0 | D:1      | HallandMoats the Ghoul Fighter began the quest for the Orb.
     0 | D:1      | Reached XP level 1. HP: 19/19 MP: 0/0
   153 | D:1      | Reached XP level 2. HP: 12/26 MP: 1/1
   614 | D:1      | Reached XP level 3. HP: 33/33 MP: 2/2
   925 | D:2      | Found a faded altar of an unknown god.
   991 | D:2      | Reached skill level 4 in Fighting
  1041 | D:2      | Reached XP level 4. HP: 39/40 MP: 3/3
  1308 | D:2      | Reached skill level 1 in Dodging
  2035 | D:4      | Reached XP level 5. HP: 46/47 MP: 4/4
  2498 | D:4      | Reached XP level 6. HP: 41/55 MP: 5/5
  2593 | D:4      | Identified the +2 helmet "Sabak" {Will+ SInv}
  2630 | D:4      | Reached skill level 5 in Fighting
  2993 | D:4      | Found a runed translucent door.
  2994 | D:4      | Noticed Crazy Yiuf
  3008 | D:4      | Killed Crazy Yiuf
  3118 | D:5      | Entered Level 5 of the Dungeon
  3118 | D:5      | Found Kozo's Weapon Emporium.
  3137 | D:5      | Found a staircase to the Ecumenical Temple.
  3261 | Temple   | Entered the Ecumenical Temple
  3421 | Temple   | Became a worshipper of Warmaster Okawaru
  3462 | D:5      | Noticed Ijyb
  3472 | D:5      | Killed Ijyb
  3507 | D:5      | Reached XP level 7. HP: 61/61 MP: 6/6
  3599 | D:5      | HP: 2/61 [phantom (2)]
  3609 | D:4      | Slain by a phantom

Illustrated notes

Levels and vault maps discovered:
D:1:      scummos_arrival_hexagon, layout_rooms, chequers_serial_rivers_micro_c
D:2:      kennysheep_the_goblin_king, layout_loops_ring,
          ebering_ecumenical_altar_mist
D:3:      layout_rooms
D:4:      layout_cave_pools, kennysheep_generic_room_11, uniq_crazy_yiuf_cottage
D:5:      layout_layer_cave, grunt_temple_overflow_gold_and_silver,
          minmay_temple_entry_large_hall, serial_shops, shop,
          nicolae_ossuary_entry_false_entrances, minmay_hedge_maze,
          grunt_ministairs_1, uniq_ijyb
Temple:   dshaligram_water_room_temple

Skill      XL: |  1  2  3  4  5  6 |
---------------+-------------------+-----
Long Blades    | 2 3 |  3.7
Fighting       | 4 5 |  5.3
Armour         | 3 |  3.6
Dodging        | 1 2 |  2.0
Shields        | 3 |  3.5

Action                   |  1- 3 |  4- 6 |  7- 9 || total
-------------------------+-------+-------+-------++-------
Melee: Long sword        |   136 |       |       ||   136
       Dagger            |       |   225 |    10 ||   235
Armor: Scale mail        |    58 |    87 |    13 ||   158
Dodge: Dodged            |    84 |    92 |     5 ||   181
Block: Buckler           |    28 |    27 |     4 ||    59

Table legend: (Time is in decaauts)
 A = Elapsed time spent in this place.
 B = Non-inter-level travel time spent in this place.
 C = Inter-level travel time spent in this place.
 D = Time resting spent in this place.
 E = Time spent auto-exploring this place.
 F = Levels seen in this place.
 G = Mean time per level.
                   A        B        C        D        E       F      G
               +--------+--------+--------+--------+--------+-----+--------+
         Total |   3643 |   3496 |    147 |    253 |   2398 |   6 |  607.2 |
       Dungeon |   3474 |   3366 |    108 |    253 |   2278 |   5 |  694.8 |
        Temple |    169 |    130 |     39 |      0 |    120 |   1 |  169.0 |
               +--------+--------+--------+--------+--------+-----+--------+

Top non-repeatable levels by time:
     D:4: 838 daAuts
     D:2: 798 daAuts
     D:1: 796 daAuts
     D:3: 730 daAuts
     D:5: 309 daAuts
  Temple: 169 daAuts
